 Dungeon Crawl Stone Soup version 0.28-a0-925-gd5e1996cdb (webtiles) character file.

Game seed: 10304046395442811359

31 ytrimaz the Skirmisher (level 3, 18/29 HPs)
             Began as a Demonspawn Fighter on Nov 26, 2021.
             Quit the game on level 1 of the Dungeon.
             The game lasted 00:00:41 (524 turns).

ytrimaz the Skirmisher (Demonspawn Fighter)          Turns: 524, Time: 00:00:42

Health: 18/29      AC:  7    Str: 17    XL:     3   Next: 7%
Magic:  3/3        EV:  9    Int:  9    God:
Gold:   21         SH:  8    Dex: 12    Spells: 2/2 levels left

rFire   . . .      SeeInvis .   a - +0 war axe
rCold   . . .      Faith    .   c - +0 buckler
rNeg    . . .      Spirit   .   b - +0 scale mail
rPois   .          Reflect  .   (no helmet)
rElec   .          Harm     .   (no cloak)
rCorr   .          Rampage  .   (no gloves)
Will    .....                   f - +0 pair of boots
Stlth   ..........              (no amulet)
HPRegen 0.09/turn               (no ring)
MPRegen 0.08/turn               (no ring)

@: no status effects
A: large bone plates 1, demonic magic 1
a: no special abilities


You were on level 1 of the Dungeon.
You visited 1 branch of the dungeon, and saw 1 of its levels.

You collected 21 gold pieces.

Inventory:

Hand Weapons
 a - a +0 war axe (weapon)
Armour
 b - a +0 scale mail (worn)
 c - a +0 buckler (worn)
 f - a +0 pair of boots (worn)
Scrolls
 e - 2 scrolls of identify
Potions
 d - a potion of might


   Skills:
 * Level 3.3 Fighting
 + Level 2.1 Axes
 * Level 3.1 Armour
 * Level 3.0 Shields


You had 2 spell levels left.
You didn't know any spells.
Your spell library was empty.

Dungeon Overview and Level Annotations

Branches:
Dungeon (1/15)

Altars:


Innate Abilities, Weirdness & Mutations

You are partially covered in large bone plates. (SH +4)
Spells you cast may paralyse adjacent enemies.


Message History

The ball python completely misses you.
The ball python bites you but does no damage.
The ball python grabs you. The ball python constricts you.
You barely miss the ball python. The ball python barely misses you.
The ball python constricts you.
You hit the ball python.
The ball python is severely wounded.
The ball python loses its grip on you. The ball python bites you.
You block the ball python's attack. The rat bites you.
You closely miss the ball python.
The ball python is heavily wounded.
You closely miss the ball python. You hit the rat but do no damage.
You block the ball python's attack. The ball python grabs you.
The ball python constricts you.
The ball python bites you but does no damage.
The ball python bites you. The ball python constricts you.
The rat bites you but does no damage. You block the ball python's attack.
You hit the ball python but do no damage.
You hit the rat.
You kill the rat!
You hit the ball python. You block the ball python's attack.
The ball python constricts you. The ball python bites you.
The ball python barely misses you. The ball python constricts you.
You have reached level 3!
Your experience leads to an increase in your attributes!
Increase (S)trength, (I)ntelligence, or (D)exterity?
You feel stronger.
Your demonic ancestry asserts itself...
A menacing aura infuses your magic.
Unknown command.
You hit the ball python.
You kill the ball python!
You hit the ball python.
You kill the ball python!
You block the kobold's attack.
You see here a ball python corpse.
Unknown command.
You barely miss the kobold. The kobold hits you but does no damage.
The kobold hits you with a +0 dagger.
You barely miss the kobold. The kobold hits you but does no damage.
Are you sure you want to abandon this character and quit the game? (Confirm with "yes".)

######### #.......#
#.^.....# ####.......#
######
...........#####....#
?.............##....#
......†...# #....#
##.###.#.######....####
#.K@#...............
#.###...############
... #....######## #.#
##...#......# # #$.
#...#......##### ##
#.###......#...# ..#
#......'...# ##..
#......#...# ..
##......#...#


You could see a kobold.

Vanquished Creatures
  2 dart slugs (D:1)
  2 ball pythons (D:1)
  An endoplasm (D:1)
  A giant cockroach (D:1)
  2 goblins (D:1)
  4 jackals (D:1)
  2 kobolds (D:1)
  3 quokkas (D:1)
  3 bats (D:1)
  3 frilled lizards (D:1)
  2 rats (D:1)
25 creatures vanquished.

Notes
Turn   | Place    | Note
-------+----------+-------------------------------------------
     0 | D:1      | ytrimaz the Demonspawn Fighter began the quest for the Orb.
     0 | D:1      | Reached XP level 1. HP: 18/18 MP: 1/1
    25 | D:1      | Gained mutation: You are partially covered in large bone
                  | plates. (SH +4) [demonic ancestry]
    25 | D:1      | Reached XP level 2. HP: 21/24 MP: 2/2
   520 | D:1      | Gained mutation: Spells you cast may paralyse adjacent
                  | enemies. [demonic ancestry]
   520 | D:1      | Reached XP level 3. HP: 19/29 MP: 3/3
   524 | D:1      | Quit the game

Illustrated notes

Levels and vault maps discovered:
D:1:      heliophobic_arrival_enchanted_forest, layout_basic,
          minmay_indecisive_spiral

Skill      XL: |  1  2 |
---------------+-------+-----
Armour         | 3 |  3.1
Axes           | 2 |  2.1
Shields        | 3 |  3.0
Fighting       | |  3.3

Action                   || total
-------------------------++-------
Melee: War axe           ||    49
  Use: Scroll            ||     1
Armor: Scale mail        ||    29
Dodge: Dodged            ||    19
Block: Buckler           ||    18

Table legend: (Time is in decaauts)
 A = Elapsed time spent in this place.
 B = Non-inter-level travel time spent in this place.
 C = Inter-level travel time spent in this place.
 D = Time resting spent in this place.
 E = Time spent auto-exploring this place.
 F = Levels seen in this place.
 G = Mean time per level.
                   A        B        C        D        E       F      G
               +--------+--------+--------+--------+--------+-----+--------+
         Total |    545 |    501 |     44 |      0 |    379 |   1 |  545.0 |
       Dungeon |    545 |    501 |     44 |      0 |    379 |   1 |  545.0 |
               +--------+--------+--------+--------+--------+-----+--------+

Top non-repeatable levels by time:
     D:1: 545 daAuts
